Map: Thunderbird LE

Players

ShootMeAgain

  • Race: Protoss Protoss
  • League: Platinum
  • Spawn Location: 5:00

PeLLy - Winner!

  • Race: Zerg Zerg
  • League: Diamond
  • Spawn Location: 11:00

VOD

Have the link to the VOD?

Description

Time

  • Played on: Aug. 10, 2019, 5:09 a.m.
  • Length: 11:18
Show
View Real Time Build Order
Export as new Build Order

ShootMeAgain Protoss 

Build Orders:  

Get SALT Encoding   

  12  0:01  Probe  
  13  0:13  Probe  
  14  0:20  Pylon  
  14  0:25  Probe  
  15  0:37  Probe  
  15  0:39  Gateway  
  16  0:45  Probe  
  17  0:52  Assimilator  
  17  0:55  Probe  
  18  1:15  Gateway  
  18  1:23  Probe  
  19  1:35  Probe  
  20  1:42  Zealot  
  22  1:47  Probe  
  22  1:53  Pylon  
  23  2:10  Assimilator  
  23  2:29  Cybernetics Core  
  23  2:36  Gateway  
  23  2:43  Probe  
  24  2:52  Probe  
  25  3:01  Probe  
  25  3:03  Nexus  
  26  3:10  Adept  
  26  3:15  Warp Gate, Probe  
  29  3:21  Stalker  
  31  3:32  Probe  
  31  4:02  Gateway  
  31  4:05  Robotics Facility  
  31  4:06  Adept  
  31  4:07  Adept  
  31  4:15  Probe  
  31  4:16  Pylon  
  36  4:21  Probe  
  37  4:27  Probe  
  38  4:31  Shield Battery  
  38  4:33  Probe  
  39  4:44  Stalker  
  41  4:48  Probe  
  41  4:50  Stargate  
  42  4:56  Probe  
  43  5:00  Probe  
  44  5:09  Immortal  
  44  5:12  Stalker x3  
  52  5:23  Probe x2  
  54  5:40  Pylon  
  54  5:51  Pylon  
  54  5:53  Pylon  
  54  5:54  Void Ray  
  54  5:58  Probe x2  
  54  5:59  Observer  
  61  6:10  Probe x2  
  63  6:19  Assimilator  
  63  6:22  Assimilator  
  63  6:23  Probe  
  63  6:25  Pylon  
  64  6:27  Gateway  
  64  6:31  Void Ray  
  68  6:51  Zealot x2  
  68  6:52  Zealot  
  68  6:53  Zealot  
  76  6:59  Protoss Air Weapons Level 1  
  76  7:04  Void Ray  
  76  7:11  Probe x2  
  82  7:23  Probe  
  82  7:28  Zealot  
  85  7:37  Twilight Council  
  85  7:43  Pylon  
  85  7:45  Pylon  
  85  7:48  Pylon  
  84  7:59  Gateway, Immortal  
  84  8:00  Gateway, Void Ray  
  92  8:11  Probe x2  
  94  8:17  Nexus  
  94  8:21  Pylon  
  94  8:23  Charge  
  94  8:24  Pylon  
  94  8:25  Templar Archives  
  94  8:27  Pylon  
  94  8:31  Gateway  
  94  8:39  Observer  
  95  8:43  Void Ray  
  99  8:48  Pylon  
  99  8:50  Psionic Storm  
  99  8:53  Zealot  
  101  9:09  Fleet Beacon  
  101  9:11  Stargate  
  101  9:21  Forge x2  
  101  9:24  High Templar x2, Observer  
  103  9:25  Zealot  
  103  9:26  Zealot  
  103  9:29  Probe x3  
  109  9:37  Probe  
  112  9:40  Gateway  
  113  9:58  High Templar x2  
  105  10:11  Zealot  
  105  10:12  Zealot x5  
  63  10:25  High Templar  
  60  10:35  High Templar x2  
  52  10:37  Immortal, Zealot x2  
  52  10:42  Archon  
  32  10:58  Zealot x2  
  32  10:59  Zealot  
Show
View Real Time Build Order
Export as new Build Order

PeLLy Zerg - Winner!

Build Orders: Hatch First 

Get SALT Encoding   

  12  0:00  Drone  
  13  0:11  Drone  
  14  0:15  Extractor  
  14  0:16  Drone  
  15  0:25  Overlord  
  15  0:44  Drone x3  
  18  1:01  Drone, Hatchery  
  18  1:14  Spawning Pool  
  18  1:17  Drone  
  18  1:25  Drone  
  19  1:37  Evolution Chamber  
  19  1:41  Hatchery  
  19  1:43  Drone x2  
  20  1:52  Drone  
  21  2:06  Overlord  
  22  2:11  Extractor  
  22  2:13  Queen, Extractor  
  22  2:29  Zergling x4  
  24  2:35  Drone  
  25  2:43  Hatchery  
  25  2:44  Drone  
  25  2:54  Zergling x4  
  27  3:15  Drone x2  
  27  3:16  Overlord x2  
  29  3:28  Roach Warren  
  28  3:38  Metabolic Boost  
  28  3:46  Lair  
  28  3:48  Drone x6  
  34  3:54  Drone  
  34  4:04  Queen  
  34  4:06  Queen  
  34  4:08  Drone  
  34  4:09  Drone  
  40  4:13  Drone  
  41  4:23  Evolution Chamber x2  
  39  4:24  Drone  
  39  4:25  Drone  
  39  4:26  Drone  
  42  4:38  Drone x5  
  47  4:44  Spine Crawler  
  46  4:48  Drone x2  
  48  4:59  Roach x4  
  56  5:02  Roach  
  58  5:11  Overlord x2  
  57  5:23  Overseer  
  57  5:25  Spore Crawler  
  56  5:29  Spore Crawler  
  56  5:30  Drone x7, Spore Crawler  
  61  5:35  Extractor  
  61  5:37  Extractor  
  61  5:40  Hydralisk Den  
  58  5:52  Drone x4  
  58  5:53  Drone x5  
  67  6:06  Queen x2  
  67  6:07  Queen  
  73  6:13  Overlord x2  
  73  6:20  Grooved Spines  
  73  6:32  Spire  
  73  6:37  Spore Crawler  
  71  6:40  Spore Crawler  
  71  6:46  Baneling Nest  
  69  6:57  Zerg Missile Weapons Level 1  
  69  6:58  Zerg Melee Weapons Level 1  
  69  7:03  Glial Reconstitution  
  69  7:19  Drone x12  
  69  7:20  Spore Crawler  
  80  7:30  Centrifical Hooks  
  80  7:32  Muscular Augments  
  80  7:35  Extractor  
  79  7:37  Extractor  
  79  7:39  Drone x3  
  81  7:52  Zerg Flyer Weapons Level 1  
  81  7:55  Overlord x3  
  81  7:56  Overlord x3  
  81  8:05  Overlord  
  81  8:06  Overlord  
  81  8:14  Hydralisk x9, Hatchery  
  81  8:17  Drone x2  
  81  8:18  Drone  
  81  8:19  Drone  
  102  8:45  Hydralisk x9  
  120  8:49  Baneling x7  
  120  8:54  Zergling x8  
  124  8:59  Overlord x2  
  124  9:08  Drone x2, Spore Crawler x2  
  124  9:10  Drone  
  124  9:12  Drone x4  
  129  9:18  Hydralisk x2  
  133  9:34  Overseer  
  133  9:36  Hydralisk x4  
  141  9:43  Zergling x2  
  141  9:44  Zergling x10  
  147  9:54  Hydralisk  
  147  9:55  Hydralisk x4  
  148  10:10  Hydralisk x6  
  140  10:15  Roach x2  
  140  10:16  Roach  
  134  10:33  Hydralisk x6  
  134  10:34  Hydralisk x2  
  148  10:47  Hydralisk x6  
  160  10:51  Drone  
Tags
 
Add a new tag
Caveats
  • Supply blocks, unpowered buildings, or Contaminate may cause inaccurate times.
  • Supply counts are checked every 10 seconds.